 Dungeon Crawl Stone Soup version 0.28.0-45-g0d030f2227 (webtiles) character file.

Game seed: 16644032832723750312

2990 Kenran the Spear-Bearer (level 9, -2/73 HPs)
             Began as a Palentonga Fighter on Apr 24, 2022.
             Was a Priest of Okawaru.
             Slain by a yak (11 damage)
             ... on level 8 of the Dungeon.
             The game lasted 00:14:51 (6554 turns).

Kenran the Spear-Bearer (Palentonga Fighter)        Turns: 6554, Time: 00:14:51

Health: -2/73      AC: 18    Str: 23    XL:     9   Next: 53%
Magic:  0/9        EV:  6    Int: 10    God:    Okawaru [***...]
Gold:   305        SH:  4    Dex:  9    Spells: 8/8 levels left

rFire   + . .      SeeInvis +   a - +0 trident
rCold   . . .      Faith    .   c - +0 buckler
rNeg    . . .      Spirit   +   i - +2 leather armour {rF+}
rPois   .          Reflect  .   (no helmet)
rElec   .          Harm     .   (no cloak)
rCorr   .          Rampage  .   (no gloves)
Will    .....                   h - +0 barding
Stlth   +.........              k - amulet of guardian spirit
HPRegen 0.22/turn               e - ring of flight
MPRegen 0.11/turn               (no ring)

@: flying, curled up
A: large, rugged brown scales 3, see invisible, deformed body, roll 1, armoured
tail, reflexive curl
a: Rolling Charge, Renounce Religion, Heroism


You were on level 8 of the Dungeon.
You worshipped Okawaru.
Okawaru was most pleased with you.
You visited 2 branches of the dungeon, and saw 8 of its levels.
You also visited: Sewer and Ossuary.

You collected 305 gold pieces.

Inventory:

Hand Weapons
 a - a +0 trident (weapon)
Missiles
 j - 214 stones
Armour
 c - a +0 buckler (worn)
 h - a +0 barding (worn)
 i - a +2 leather armour of fire resistance (worn)
Jewellery
 e - a ring of flight (left hand)
 k - an amulet of guardian spirit (around neck)
 y - a ring of resist corrosion
Wands
 r - a wand of iceblast (4)
 z - a wand of digging (6)
Scrolls
 g - 4 scrolls of teleportation
 l - a scroll of silence
 o - a scroll of enchant armour
 p - 3 scrolls of blinking
 q - a scroll of torment {unknown}
 t - 2 scrolls of immolation {unknown}
 u - 3 scrolls of magic mapping
 v - a scroll of enchant weapon {unknown}
 x - 2 scrolls of amnesia {unknown}
 B - a scroll of fog {unknown}
 F - a scroll of identify
Potions
 b - 2 potions of flight {unknown}
 d - 3 potions of might
 f - 2 potions of invisibility {unknown}
 m - 3 potions of curing
 n - 2 potions of resistance {unknown}
 s - 3 potions of heal wounds {unknown}
 w - 2 potions of brilliance {unknown}
 A - a potion of berserk rage {unknown}
 C - a potion of degeneration {unknown}
 D - a potion of attraction {unknown}
 E - a potion of lignification {unknown}
 G - a potion of mutation {unknown}


   Skills:
 + Level 6.2 Fighting
 - Level 10.0 Polearms
 + Level 4.2 Armour
 + Level 4.2 Shields


You had 8 spell levels left.
You didn't know any spells.
Your spell library contained the following spells:

 Spells                   Type           Power      Damage    Failure   Level
 Magic Dart               Conj           0%         1d3       47%         1
 Searing Ray              Conj           0%         2d4       63%         2
 Static Discharge         Conj/Air       0%         N/A       63%         2
 Dispel Undead            Necr           0%         3d6       99%         4
 Fulminant Prism          Conj/Hex       0%         3d6       99%         4
 Sticky Flame             Conj/Fire      0%         2d3       99%         4


Dungeon Overview and Level Annotations

Branches:
Dungeon (6/15)             Temple (1/1) D:4           Sewer (visited)
Ossuary (visited)

Altars:
Cheibriados
Dithmenos
Elyvilon
Gozag
Kikubaaqudgha
Makhleb
Okawaru
Qazlal
Ru
Sif Muna
Trog
Vehumet
Wu Jian
Xom
Yredelemnul
The Shining One

Annotations:
D:4 1 runed translucent door, Crazy Yiuf


Innate Abilities, Weirdness & Mutations

You are completely covered in rugged brown scales. (AC +3, +7% HP)
You have supernaturally acute eyesight. (SInv)
Armour fits poorly on your strangely shaped body.
You can roll at nearby foes to attack.
You have a long armoured tail.
You curl defensively after being hit. (AC +7*)


Message History

The yak gores you but does no damage.
You puncture the yak!
You kill the yak!
Okawaru accepts your kill.
Your base Fighting skill increases to level 6!
Your base Armour skill increases to level 4!
Your base Shields skill increases to level 4!
It was a potion of curing.
You feel better. The yak gores you!
* * * LOW HITPOINT WARNING * * *
You hit the yak.
The yak is lightly wounded.
You puncture the yak!
The yak is heavily wounded.
The yak gores you.
* * * LOW HITPOINT WARNING * * *
You hit the yak.
The yak is heavily wounded.
The yak closely misses you.
You puncture the yak! You tail-slap the yak.
The yak is almost dead.
You hit the yak but do no damage.
The yak is almost dead.
The yak barely misses you.
You puncture the yak!
You kill the yak!
Okawaru is honoured by your kill.
You feel like a meek peon again.
Reach: a) +0 trident
Press: ? - help, Dir - move target, f - yak
Aim: a yak (about 27% to evade your +0 trident)
You reach to attack!
You hit the yak but do no damage.
You are too injured to fight recklessly!
You puncture the yak!
The yak is heavily wounded.
The yak gores you!
* * * LOW HITPOINT WARNING * * *
You puncture the yak! You tail-slap the yak.
The yak is severely wounded.
The yak gores you!
You die...

+.Y..#...########.#...#.#
.....YY+##..........#.#...#.#
####... ######.....#.###...#
#... #.....#....Y..# #...
##....#####.Y.. #... ##....
#.....# #... #.... #######
###...#################....#
..#...#....@Y..#......#.....
###...########........'.....
#.. ###......#..... #.
#......###### # ########


You could see a yak.

Vanquished Creatures
  Pikel (D:5)
  5 yaks (D:8)
  Edmund (D:5)
  2 water moccasins
  2 black bears (D:5)
  A lemure (D:5)
  Blork the orc (D:5)
  5 elf zombies (Ossuary)
  A water moccasin zombie (D:5)
  A howler monkey (D:4)
  A human zombie (Ossuary)
  6 centaur zombies (Ossuary)
  4 hounds
  A bullfrog skeleton (D:5)
  An orc priest (D:5)
  2 jellies (D:5)
  An iguana (D:5)
  An orc wizard (D:5)
  A hound zombie (D:5)
  A hound skeleton (D:5)
  3 mummies (Ossuary)
  4 gnolls (D:3)
  3 adders
  A river rat (D:4)
  An adder skeleton (D:4)
  2 dart slugs
  12 orcs
  5 endoplasms
  A giant cockroach (D:4)
  9 goblins
  5 hobgoblins
  8 jackals
  7 kobolds
  5 quokkas
  7 ball pythons
  7 bats
  9 frilled lizards
  A goblin zombie (D:5)
  9 rats
  A rat zombie (D:5)
139 creatures vanquished.

Notes
Turn   | Place    | Note
-------+----------+-------------------------------------------
     0 | D:1      | Kenran the Palentonga Fighter began the quest for the Orb.
     0 | D:1      | Reached XP level 1. HP: 19/19 MP: 1/1
    88 | D:1      | Reached skill level 2 in Polearms
   195 | D:1      | Reached XP level 2. HP: 19/25 MP: 2/2
   310 | D:1      | Found a faded altar of an unknown god.
   729 | D:1      | Found a shadowy altar of Dithmenos.
  1085 | D:2      | Reached skill level 3 in Polearms
  1130 | D:2      | Reached XP level 3. HP: 31/31 MP: 3/3
  1773 | D:3      | Reached skill level 4 in Polearms
  1773 | D:3      | Reached XP level 4. HP: 37/37 MP: 4/4
  1777 | D:3      | Found a snail-covered altar of Cheibriados.
  2968 | D:4      | Reached XP level 5. HP: 43/43 MP: 5/5
  3050 | D:4      | Found a glowing drain.
  3103 | Sewer    | Entered a sewer
  3144 | Sewer    | Noticed a water moccasin
  3148 | Sewer    | Killed a water moccasin
  3149 | Sewer    | Reached XP level 6. HP: 50/50 MP: 6/6
  3249 | D:4      | Found a runed translucent door.
  3250 | D:4      | Noticed Crazy Yiuf
  3284 | D:4      | Found a staircase to the Ecumenical Temple.
  3289 | Temple   | Entered the Ecumenical Temple
  3342 | Temple   | Became a worshipper of Warmaster Okawaru
  3478 | D:4      | Reached skill level 5 in Polearms
  3839 | D:4      | Found a glowing golden altar of the Shining One.
  3851 | D:4      | Found a basalt altar of Yredelemnul.
  3853 | D:4      | Noticed a profane servitor
  4092 | D:5      | Entered Level 5 of the Dungeon
  4167 | D:5      | Gained mutation: You curl defensively after being hit. (AC
                  | +7*) [Palentonga growth]
  4167 | D:5      | Reached XP level 7. HP: 23/58 MP: 3/7
  4169 | D:5      | Reached * piety under Okawaru
  4208 | D:5      | Found a sand-covered staircase.
  4391 | Ossuary  | Entered an ossuary
  4412 | Ossuary  | Reached skill level 6 in Polearms
  4471 | Ossuary  | Reached skill level 5 in Fighting
  4612 | Ossuary  | Reached skill level 7 in Polearms
  4652 | Ossuary  | Reached XP level 8. HP: 64/66 MP: 8/8
  4757 | D:5      | Reached ** piety under Okawaru
  4758 | D:5      | Reached skill level 8 in Polearms
  4775 | D:5      | Noticed Edmund
  4788 | D:5      | Killed Edmund
  5334 | D:5      | Noticed Blork the orc
  5344 | D:5      | Killed Blork the orc
  5345 | D:5      | Reached skill level 9 in Polearms
  5463 | D:5      | Noticed Pikel
  5485 | D:5      | Killed Pikel
  5486 | D:5      | Reached skill level 10 in Polearms
  5486 | D:5      | Reached XP level 9. HP: 36/72 MP: 5/9
  6029 | D:6      | You are sucked into a shaft and drop 2 floors!
  6456 | D:8      | Reached *** piety under Okawaru
  6483 | D:8      | Found a sacrificial altar of Ru.
  6554 | D:8      | Slain by a yak

Illustrated notes

Levels and vault maps discovered:
D:1:      saegor_arrival_simple_d, layout_loops_cross,
          shapermc_ecumenical_altar_mp_highgroup, corner_web_ring, minivault_19,
          corexii_hall_statues_i, minmay_misc_feat_rows, kennysheep_flooded_box,
          minmay_misc_feat_iff, minmay_pentomino_q4
D:2:      layout_rooms
D:3:      minmay_thinvault, layout_loops_ring, mainiacjoe_overflow_24_doors,
          minmay_circle_x
D:4:      layout_loops_ring, grunt_temple_overflow_holy_war,
          minmay_temple_entry_glassed_door, portal_sewer_entry_a,
          uniq_crazy_yiuf_cottage
D:5:      layout_loops_ring, enter_ossuary_4, kennysheep_generic_room_12,
          uniq_blork_the_orc, uniq_edmund, uniq_pikel
D:6:      layout_loops_ring, uniq_prince_ribbit1
D:8:      layout_gridville, nemelex_spade_bored_becter, nicolae_ru_awakened_eye,
          serial_co_window_serial, co_window_paths_b, co_window_paths_b,
          co_window_paths_b, co_window_corner_a, co_window_paths_b,
          co_window_paths_a, co_window_corner_a, co_window_of_opportunity_a,
          co_window_corner_a, co_window_broadway_b, co_window_broadway_c,
          co_window_broadway_b, co_window_broadway_b, co_window_corner_b,
          co_window_paths_d, uniq_grum
Temple:   nicolae_temple_x_marks_the_god

Skill      XL: |  1  2  3  4  5  6  7  8  9 |
---------------+----------------------------+-----
Polearms       | 2 3 4 5 7 10 | 10.0
Armour         | 3 4 |  4.2
Shields        | 3 4 |  4.2
Fighting       | 4 5 6 |  6.2

Action                   |  1- 3 |  4- 6 |  7- 9 || total
-------------------------+-------+-------+-------++-------
Melee: Trident           |   138 |   213 |   353 ||   704
       Tailslap          |    11 |    16 |    49 ||    76
Invok: Heroism           |       |       |     3 ||     3
 Abil: Rolling Charge    |       |       |     2 ||     2
Evoke: Wand              |       |     3 |     4 ||     7
  Use: Scroll            |       |     1 |     4 ||     5
       Potion            |       |       |     1 ||     1
Armor: Scale mail        |     8 |       |       ||     8
       Leather armour    |    76 |   125 |   154 ||   355
Dodge: Dodged            |    35 |    51 |    68 ||   154
Block: Buckler           |    32 |    37 |    42 ||   111
